 Dungeon Crawl Stone Soup version 0.22.1-1-ga44c0e5 (webtiles) character file.

1717 Torikoriko the Fighter (level 9, -3/101 HPs)
             Began as an Ogre Gladiator on Sept 22, 2018.
             Was a High Priest of Zin.
             Slain by a killer bee (10 damage)
             ... on level 7 of the Dungeon.
             The game lasted 00:22:07 (7902 turns).

Torikoriko the Fighter (Ogre Gladiator)             Turns: 7902, Time: 00:22:08

Health: -3/101     AC:  4    Str: 21    XL:     9   Next: 4%
Magic:  9/9        EV: 14    Int: 10    God:    Zin [*****.]
Gold:   423        SH:  0    Dex: 14    Spells: 8/8 levels left

rFire    + . .     SeeInvis .   a - +0 flail
rCold    x . .     Gourm    .   (no shield)
rNeg     . . .     Faith    .   b - +0 robe
rPois    ∞         Spirit   .   c - +0 hat
rElec    .         Reflect  .   i - +0 cloak
rCorr    .         Harm     .   (gloves unavailable)
MR       .....                  (boots unavailable)
Stlth    +.........             (no amulet)
HPRegen  0.26/turn              D - ring of fire
MPRegen  0.11/turn              (no ring)

@: vitalised
A: large, unfitting armour, tough skin 1
a: Recite, Vitalisation, Imprison, Sanctuary, Donate Gold, Renounce Religion


You were on level 7 of the Dungeon.
You worshipped Zin.
Zin was extremely pleased with you.
You were not hungry.

You visited 1 branch of the dungeon, and saw 7 of its levels.
You also visited: Ossuary.

You collected 469 gold pieces.
You donated 46 gold pieces to Zin.

Inventory:

Hand Weapons
 a - a +0 flail (weapon)
 x - a +1 blowgun
 B - a +0 giant spiked club
Missiles
 d - 3 throwing nets {!f}
 j - 8 javelins
 m - 68 poisoned needles
 o - 217 stones
 E - 2 poisoned javelins (quivered)
Armour
 b - a +0 robe (worn)
 c - a +0 hat (worn)
 i - a +0 cloak (worn)
Jewellery
 D - a ring of fire (left hand)
Wands
 w - a wand of enslavement (17)
Scrolls
 g - 3 scrolls of teleportation
 r - a scroll of identify
 y - 3 scrolls of enchant armour {unknown}
 A - a scroll of fear {unknown}
 C - 4 scrolls of remove curse
 F - a scroll of magic mapping {unknown}
Potions
 e - 4 potions of mutation
 h - 4 potions of might
 k - 2 potions of haste {unknown}
 l - a potion of lignification {unknown}
 n - a potion of agility {unknown}
 p - 2 potions of heal wounds
 q - 2 potions of brilliance {unknown}
 s - 2 potions of invisibility {unknown}
 t - 5 potions of curing
 u - a potion of ambrosia {unknown}
 z - a potion of resistance {unknown}
Comestibles
 f - 7 rations


   Skills:
 - Level 10.0 Fighting
 - Level 2.6 Maces & Flails
 - Level 2.0 Throwing
 + Level 8.2 Dodging


You had 8 spell levels left.
You didn't know any spells.
Your spell library was empty.

Dungeon Overview and Level Annotations

Branches:
Dungeon (7/15)
 Temple: D:4-7

Altars:
Dithmenos
Elyvilon
Kikubaaqudgha
Makhleb
Okawaru
Qazlal
Yredelemnul
Zin
The Shining One

Annotations:
D:7 Dowan, Duvessa


Innate Abilities, Weirdness & Mutations

You are too large for most types of armour.
You have tough skin. (AC +1)


Message History

The killer bee is severely wounded.
The killer bee misses you. x2; The killer bee stings you.
* * * LOW HITPOINT WARNING * * *
Your divine stamina protects you from poison!
You closely miss the killer bee.
The killer bee is severely wounded.
The killer bee closely misses you. The killer bee completely misses you.
You hit the killer bee.
You kill the killer bee!
The killer bee stings you but does no damage.
You barely miss the killer bee. The killer bee stings you.
* * * LOW HITPOINT WARNING * * *
The killer bee stings you.
* * * LOW HITPOINT WARNING * * *
You closely miss the killer bee. The killer bee stings you!
* * * LOW HITPOINT WARNING * * *
The killer bee stings you.
* * * LOW HITPOINT WARNING * * *
The killer bee stings you!
You die...

.....# #....# #
#....# #. #....# . #.
#....# ...
#.####....##
....#..........#
.............#y######
.......(.....#@#....#
.............#)#.##.#
.............#.#....#
..######+#+###.#..###
. #....# ###.##
#.#####.# #...<...#
#########


You could see a killer bee.

Vanquished Creatures
  3 ogres
  2 sky beasts
  A centaur (D:6)
  An elf zombie (Ossuary)
  2 scorpions
  A water moccasin skeleton (D:6)
  3 killer bees (D:7)
  A howler monkey (D:5)
  A centaur zombie (Ossuary)
  2 crimson imps
  A human zombie (Ossuary)
  A hound (D:6)
  2 jellies
  An orc wizard (D:6)
  A centaur skeleton (D:4)
  2 iguanas
  7 worker ants
  A big kobold zombie (Ossuary)
  A hound zombie (Ossuary)
  A hound skeleton (D:4)
  3 mummies (Ossuary)
  A worker ant zombie (D:5)
  4 gnolls (D:4)
  6 adders
  An ooze (D:1)
  An adder zombie (Ossuary)
  An adder skeleton (D:5)
  2 worms (D:2)
  A dart slug (D:3)
  5 leopard geckos
  6 orcs
  2 giant cockroaches
  2 gnoll zombies (Ossuary)
  10 goblins
  8 hobgoblins
  9 jackals
  6 kobolds
  2 quokkas
  2 ball pythons
  9 bats
  4 frilled lizards
  7 goblin zombies (Ossuary)
  5 hobgoblin zombies (Ossuary)
  3 jackal zombies (Ossuary)
  3 kobold zombies (Ossuary)
  A leopard gecko zombie (D:6)
  An orc zombie (Ossuary)
  2 quokka skeletons
  3 quokka zombies (Ossuary)
  6 rats
  4 rat zombies (Ossuary)
155 creatures vanquished.

Notes
Turn   | Place    | Note
-------+----------+-------------------------------------------
     0 | D:1      | Torikoriko the Ogre Gladiator began the quest for the Orb.
     0 | D:1      | Reached XP level 1. HP: 22/22 MP: 1/1
    16 | D:1      | Found an iron altar of Okawaru.
    53 | D:1      | Reached skill level 3 in Fighting
   136 | D:1      | Reached XP level 2. HP: 16/32 MP: 2/2
   360 | D:1      | Reached skill level 4 in Fighting
   648 | D:1      | Reached XP level 3. HP: 36/40 MP: 3/3
  1444 | D:2      | Reached skill level 5 in Fighting
  2156 | D:2      | Reached XP level 4. HP: 50/50 MP: 4/4
  2385 | D:2      | Found a glowing golden altar of the Shining One.
  2421 | D:2      | Found a white marble altar of Elyvilon.
  2421 | D:2      | Found a glowing silver altar of Zin.
  2422 | D:2      | Found a shadowy altar of Dithmenos.
  2431 | D:2      | Found an ancient bone altar of Kikubaaqudgha.
  2437 | D:2      | Found an iron altar of Okawaru.
  2443 | D:2      | Became a worshipper of Zin the Law-Giver
  2443 | D:2      | Reached * piety under Zin
  2646 | D:3      | Found a stormy altar of Qazlal.
  2717 | D:3      | Reached skill level 6 in Fighting
  2855 | D:3      | Found a burning altar of Makhleb.
  2923 | D:3      | Reached ** piety under Zin
  2976 | D:3      | Reached XP level 5. HP: 61/61 MP: 5/5
  3455 | D:4      | Noticed an ogre
  3512 | D:4      | Found a sand-covered staircase.
  3523 | Ossuary  | Entered an ossuary
  3565 | Ossuary  | Reached skill level 7 in Fighting
  3708 | Ossuary  | Reached *** piety under Zin
  3928 | Ossuary  | Reached skill level 8 in Fighting
  3935 | Ossuary  | Reached XP level 6. HP: 53/72 MP: 6/6
  3939 | Ossuary  | Reached **** piety under Zin
  4370 | Ossuary  | Reached skill level 9 in Fighting
  4777 | D:4      | Reached XP level 7. HP: 25/83 MP: 7/7
  5029 | D:4      | Found a basalt altar of Yredelemnul.
  5240 | D:4      | Reached skill level 10 in Fighting
  5803 | D:5      | Entered Level 5 of the Dungeon
  5998 | D:4      | Reached skill level 5 in Dodging
  5998 | D:4      | Reached XP level 8. HP: 83/93 MP: 8/8
  6955 | D:6      | Reached ***** piety under Zin
  7821 | D:7      | Noticed Dowan
  7822 | D:7      | Noticed Duvessa
  7892 | D:7      | Reached XP level 9. HP: 33/101 MP: 9/9
  7902 | D:7      | Slain by a killer bee

Skill      XL: |  1  2  3  4  5  6  7  8 |
---------------+-------------------------+-----
Fighting       | 3 4 5 6 8 9 10 | 10.0
Dodging        | 5 8 |  8.2
Maces & Flails | |  2.6
Throwing       | |  2.0

Action                   |  1- 3 |  4- 6 |  7- 9 || total
-------------------------+-------+-------+-------++-------
Melee: Flail             |   112 |   258 |   216 ||   586
 Fire: Blowgun           |       |     5 |       ||     5
Throw: Javelin           |     1 |     3 |    28 ||    32
       Stone             |       |    16 |       ||    16
Invok: Vitalisation      |       |     1 |     5 ||     6
       Recite            |       |       |     1 ||     1
  Use: Scroll            |       |     5 |     5 ||    10
 Stab: Sleeping          |       |       |     1 ||     1
  Eat: Chunk             |     4 |     2 |     8 ||    14
       Ration            |       |     2 |     1 ||     3
Armor: Robe              |    36 |    80 |    44 ||   160
Dodge: Dodged            |    71 |   123 |   170 ||   364
